AoeStats
← Walid93

Arabia

510098523Analyzed
1v1 RM · 2d ago on Sep 29, 2026· 39m 36s· 2 players
Game mode
Random Map
Map size
Tiny (2 player)
Population
200
Speed
Normal
Resources
Standard
Victory
Conquest
Starting age
Dark Age
Ending age
Imperial Age
RankedLock teamsTeams togetherTeam positionsShared explorationLock speedFull tech treeHidden civsTurbo modeCheats
Victory
Defeat
🇨🇿 Spanish · Czechia
1144
+16
🇨🇭 Danes · Switzerland
1142
-16
Walid93
8:53 Feudal Age
8:37 Loom
9:59 Double-Bit Axe
12:44 Wheelbarrow
18:12 Fletching
23:22 Castle Age
24:03 Padded Archer Armor
24:23 Scale Mail Armor
23:50 Crossbowman
24:25 Bodkin Arrow
24:48 Thumb Ring
25:01 Leather Archer Armor
xerogaviazzus
8:50 Loom
10:54 Feudal Age
15:18 Castle Age
14:06 Double-Bit Axe
17:33 Gold Mining
18:15 Fletching
24:08 Padded Archer Armor
26:22 Horse Collar
27:38 Leather Archer Armor
32:33 Bloodlines
34:20 Town Watch
35:22 Scale Barding Armor
37:13 Wheelbarrow
Connection lost

Rejoining the realm…

Still unreachable

The connection could not be restored.

Session expired

The server has moved on; the page needs a fresh start.